 Dungeon Crawl Stone Soup version 0.30-a0-779-g7971cf19c3 (webtiles) character file.

Game seed: 6856258393779254676

346 Newt the Skirmisher (level 6, -4/40 HPs)
             Began as a Kobold Hunter on Feb 17, 2023.
             Succumbed to a scorpion's poison
             ... on level 4 of the Dungeon.
             The game lasted 00:02:24 (3680 turns).

Newt the Skirmisher (Kobold Hunter)                 Turns: 3680, Time: 00:02:24

Health: -4/40      AC:  3    Str: 10    XL:     6   Next: 90%
Magic:  6/6        EV: 14    Int: 11    God:
Gold:   144        SH:  0    Dex: 18    Spells: 5/5 levels left

rFire   . . .      SeeInvis .    a - +0 shortbow
rCold   . . .      Faith    .    (shield currently unavailable)
rNeg    . . .      Spirit   .    c - +0 leather armour
rPois   .          Reflect  .    (no helmet)
rElec   .          Harm     .    (no cloak)
rCorr   .          Rampage  .    (no gloves)
Will    .....                    (no boots)
Stlth   +++                      (no amulet)
HPRegen 0.26/turn                (no ring)
MPRegen 0.10/turn                (no ring)

@: lethally poisoned (-4 -> -22)
A: small, no large weapons, nightstalker 3
a: no special abilities


You were on level 4 of the Dungeon.
You visited 1 branch of the dungeon, and saw 4 of its levels.

You collected 144 gold pieces.

Inventory:

Hand Weapons
 a - a +0 shortbow (weapon)
Armour
 c - a +0 leather armour (worn)
 m - the +0 pair of gloves of the Many Tables {+Inv rC- MP+9 Str-3}
   (You found it on level 3 of the Dungeon)

   Str:       It affects your strength (-3).
   rC:        It makes you vulnerable to cold.
   MP:        It affects your magic capacity (+9).
   +Inv:      It lets you turn invisible.
Wands
 h - a wand of flame (21)
Scrolls
 b - 2 scrolls of immolation
 f - a scroll of fog
 k - 2 scrolls of teleportation
 l - a scroll of amnesia {unknown}
Potions
 d - a potion of ambrosia
 e - a potion of attraction {unknown}
 g - a potion of mutation {unknown}
 i - a potion of curing
 j - a potion of brilliance {unknown}


   Skills:
 - Level 5.0 Fighting
 + Level 8.5 Ranged Weapons
 - Level 2.4 Dodging
 - Level 1.3 Stealth


You had 5 spell levels left.
You didn't know any spells.
Your spell library was empty.

Dungeon Overview and Level Annotations

Branches:
Dungeon (4/15)
 Temple: D:4-7

Altars:
Ashenzari
Cheibriados
Kikubaaqudgha
Zin

Annotations:
D:3 1 runed translucent door, Crazy Yiuf
D:4 Robin


Innate Abilities, Weirdness & Mutations

You are small and have problems with some larger weapons.
You are completely attuned to the shadows.


Message History

You shoot an arrow. The arrow hits the ball python!
You kill the ball python!
A goblin comes into view. It is wielding a +0 club.
The jackal bites you but does no damage.
You shoot an arrow. The arrow hits the jackal.
You kill the jackal!
Robin says, "My army is invincible!"
Robin throws the goblin at you!
A scorpion comes into view.
The goblin attacks as you move away! The goblin misses you.
Robin hits you with a +0 mace.
Items here: ))) ††††.
You shoot an arrow. The arrow hits Robin.
Robin is moderately wounded.
The goblin closely misses you.
Robin roars a battlecry!
The goblin goes into a battle-frenzy!
The scorpion completely misses you.
You shoot an arrow. The arrow closely misses Robin.
The goblin barely misses you. Robin misses you.
A hobgoblin comes into view.
The scorpion misses you.
You shoot an arrow. The arrow hits Robin!
Robin is severely wounded.
The goblin misses you. Robin hits you with a +0 mace. The scorpion stings you.
* * * LOW HITPOINT WARNING * * *
The goblin hits you but does no damage. Robin misses you.
You shoot an arrow. The arrow closely misses the goblin.
The scorpion stings you.
* * * LOW HITPOINT WARNING * * *
You are poisoned.
The scorpion poisons you! The scorpion stings you.
* * * LOW HITPOINT WARNING * * *
You are more poisoned.
The scorpion poisons you! The goblin hits you with a +0 club.
* * * LOW HITPOINT WARNING * * *
Robin misses you.
You shoot an arrow.
The arrow hits the goblin but does no damage.
You die...

###### #....##
#.....# #.....#
... ##...## ..#
##...###### ..#
#....##g..##..##
###
#....g@g)...)...
..##
##...##s........
...#
##...##.......).
...#
#...........###.
...#
#.........###
...# ##..#######
...#
##..###...###
...#
#..>........#
####
#.....(.....#


You could see a scorpion, Robin, a hobgoblin (strong) and a goblin (strong).

Vanquished Creatures
  Sigmund (D:4)
  A hound (D:4)
  An orc wizard (D:3)
  A mummy (D:3)
  A gnoll (D:1)
  3 adders
  A worm (D:2)
  4 dart slugs
  5 orcs
  5 bats
  7 endoplasms
  A giant cockroach (D:4)
  5 hobgoblins
  5 jackals
  5 ball pythons
  A frilled lizard (D:3)
  9 goblins
  5 kobolds
  5 rats
66 creatures vanquished.

Notes
Turn   | Place    | Note
-------+----------+-------------------------------------------
     0 | D:1      | Newt the Kobold Hunter began the quest for the Orb.
     0 | D:1      | Reached XP level 1. HP: 12/12 MP: 1/1
   265 | D:1      | Reached XP level 2. HP: 18/18 MP: 2/2
   670 | D:1      | Reached XP level 3. HP: 24/24 MP: 3/3
  1007 | D:2      | Found a faded altar of an unknown god.
  1144 | D:2      | Reached XP level 4. HP: 30/30 MP: 4/4
  2098 | D:3      | Identified the +0 pair of gloves of the Many Tables {+Inv
                  | rC- MP+9 Str-3}
  2132 | D:3      | Found an ancient bone altar of Kikubaaqudgha.
  2203 | D:3      | Found a runed translucent door.
  2206 | D:3      | Noticed Crazy Yiuf
  2271 | D:3      | Found a snail-covered altar of Cheibriados.
  2279 | D:3      | Reached skill level 5 in Fighting
  2454 | D:3      | Found a broken altar of Ashenzari.
  2471 | D:3      | Found a glowing silver altar of Zin.
  2683 | D:3      | Reached XP level 5. HP: 19/35 MP: 5/5
  2685 | D:3      | Reached skill level 6 in Ranged Weapons
  3286 | D:4      | Noticed Sigmund
  3306 | D:4      | Killed Sigmund
  3307 | D:4      | Reached skill level 8 in Ranged Weapons
  3307 | D:4      | Reached XP level 6. HP: 14/40 MP: 6/6
  3669 | D:4      | Noticed Robin
  3679 | D:4      | HP: 1/40 [goblin/+0 club[Robin] (2)]
  3680 | D:4      | Succumbed to a scorpion's poison

Illustrated notes

Levels and vault maps discovered:
D:1:      psy_arrival_basics, layout_loops_ring
D:2:      minmay_inner_zag, layout_loops_corners,
          shapermc_ecumenical_altar_starsandcircs, feat_on_display
D:3:      layout_basic, tgw_kikubaaqudgha, slow_altar_1,
          mainiacjoe_overflow_large_starburst, uniq_crazy_yiuf_cottage
D:4:      layout_gridville, xom_confusion_cloud, okawaru_altar_gauntlet_db,
          hangedman_minor_gate_pass, uniq_robin, uniq_sigmund

Skill      XL: |  1  2  3  4  5 |
---------------+----------------+-----
Fighting       | 3 4 5 |  5.0
Ranged Weapons | 8 |  8.5
Dodging        | |  2.4
Stealth        | |  1.3

Action                     |  1- 3 |  4- 6 || total
---------------------------+-------+-------++-------
   Fire: Shortbow          |    68 |   142 ||   210
    Use: Scroll            |     3 |     2 ||     5
         Potion            |       |     1 ||     1
 Armour: Leather armour    |     7 |    20 ||    27
  Dodge: Dodged            |    33 |    62 ||    95

Table legend: (Time is in decaauts)
 A = Elapsed time spent in this place.
 B = Non-inter-level travel time spent in this place.
 C = Inter-level travel time spent in this place.
 D = Time resting spent in this place.
 E = Time spent auto-exploring this place.
 F = Levels seen in this place.
 G = Mean time per level.
                   A        B        C        D        E       F      G
               +--------+--------+--------+--------+--------+-----+--------+
         Total |   3727 |   3599 |    128 |    850 |   2362 |   4 |  931.8 |
       Dungeon |   3727 |   3599 |    128 |    850 |   2362 |   4 |  931.8 |
               +--------+--------+--------+--------+--------+-----+--------+

Top non-repeatable levels by time:
     D:3: 1338 daAuts
     D:2: 1081 daAuts
     D:1: 812 daAuts
     D:4: 493 daAuts
